Map: Rupi ghiacciate

Players

Jhyrachy - Winner!

  • Race: Terran Terran
  • League: Gold

RaZoR - Winner!

  • Race: Zerg Zerg

GennaroBullo - Winner!

  • Race: Terran Terran

I.A. 3 (Media)

  • Race: Terran Terran

I.A. 4 (Media)

  • Race: Protoss Protoss

I.A. 5 (Media)

  • Race: Protoss Protoss

VOD

Have the link to the VOD?

Description

Time

  • Played on: May 26, 2016, 4:45 p.m.
  • Length: 14:55
Show
View Real Time Build Order
Export as new Build Order

Jhyrachy Terran - Winner!

Build Orders:  

Get SALT Encoding   

  12  0:01  SCV  
  13  0:14  SCV  
  14  0:23  Supply Depot  
  14  0:26  SCV  
  15  0:45  SCV  
  15  0:46  Barracks  
  16  0:51  Refinery  
  17  0:57  SCV  
  17  1:09  SCV  
  18  1:21  SCV  
  19  1:30  Supply Depot  
  19  1:33  SCV  
  19  1:37  Reaper  
  21  1:46  Command Center  
  21  2:08  Barracks  
  21  2:09  SCV  
  22  2:21  SCV  
  23  2:23  Refinery  
  23  2:57  Barracks Reactor  
  23  3:01  Barracks Reactor  
  23  3:37  Reaper x2  
  23  3:38  Reaper x2  
  27  3:43  SCV  
  28  3:58  Engineering Bay, Orbital Command  
  28  4:26  Reaper  
  28  4:27  Reaper x2  
  31  4:38  Reaper  
  31  5:04  Reaper  
  31  5:54  Supply Depot  
  31  5:55  Terran Infantry Weapons Level 1, Supply Depot  
  31  5:56  Supply Depot  
  31  5:58  Reaper  
  31  5:59  Reaper  
  31  6:01  Reaper  
  31  6:14  Factory  
  31  6:16  Reaper, Command Center  
  32  6:30  Reaper  
  32  6:31  Reaper  
  34  6:33  Reaper  
  34  6:48  Reaper  
  35  6:55  Factory  
  35  7:02  Reaper  
  35  7:05  SCV  
  37  7:13  Factory Tech Lab  
  37  7:17  SCV  
  38  7:29  SCV  
  39  7:36  Reaper x4  
  43  7:41  SCV  
  44  7:44  Supply Depot  
  44  7:47  Supply Depot  
  44  7:50  Supply Depot  
  44  8:00  Factory Tech Lab  
  44  8:04  Cyclone  
  48  8:08  Reaper x4  
  48  8:12  Refinery, Orbital Command  
  52  8:19  SCV  
  53  8:24  Siege Tank  
  56  8:31  SCV  
  57  8:38  Refinery  
  57  8:43  SCV  
  58  8:55  SCV  
  59  9:07  SCV  
  59  9:09  Siege Tank x2  
  62  10:18  Starport  
  62  10:29  Siege Tank x2  
  68  11:16  Siege Tank x2  
  74  11:20  Medivac  
  76  11:47  Widow Mine x2  
  76  11:50  Medivac  
  82  12:16  Widow Mine x2  
  82  12:19  Medivac  
  88  12:44  Widow Mine x2  
  88  12:49  Medivac  
  93  14:12  Widow Mine  
  93  14:14  Widow Mine  
Show
View Real Time Build Order
Export as new Build Order

RaZoR Zerg - Winner!

Build Orders: Hatch First 

Get SALT Encoding   

  12  0:02  Drone  
  13  0:09  Drone  
  14  0:26  Overlord  
  14  0:47  Drone  
  14  0:49  Drone  
  16  0:52  Hatchery  
  16  0:53  Drone  
  16  1:01  Drone  
  17  1:13  Spawning Pool  
  17  1:17  Drone  
  17  1:23  Overlord  
  17  1:38  Drone  
  18  1:43  Drone  
  19  1:51  Hatchery  
  18  1:57  Overlord  
  18  2:00  Extractor  
  17  2:01  Extractor  
  17  2:08  Queen  
  17  2:15  Drone x2  
  21  2:24  Queen  
  23  2:33  Overlord  
  23  2:36  Drone  
  24  2:39  Drone  
  25  2:52  Drone x4  
  25  2:58  Drone  
  30  3:11  Overlord, Roach Warren  
  30  3:12  Extractor  
  28  3:20  Drone  
  28  3:23  Overlord  
  28  3:26  Drone  
  30  3:30  Drone x2  
  30  3:33  Queen  
  34  3:53  Drone x3  
  34  3:55  Drone x2  
  39  4:06  Queen  
  41  4:13  Lair  
  41  4:19  Hatchery  
  40  4:24  Drone x3  
  40  4:30  Drone x5  
  48  4:33  Drone  
  48  4:34  Drone  
  52  4:49  Extractor, Drone x2  
  52  4:51  Extractor  
  50  4:53  Drone  
  50  4:59  Drone x5  
  56  5:11  Hydralisk Den  
  56  5:12  Glial Reconstitution  
  55  5:17  Drone  
  55  5:18  Drone x7  
  55  5:19  Drone  
  64  5:32  Roach x4  
  72  5:36  Drone x4  
  72  5:38  Extractor, Drone  
  72  5:40  Extractor  
  72  5:41  Overlord  
  75  5:49  Roach x2  
  79  5:59  Overlord x3  
  79  6:00  Overlord  
  79  6:01  Drone x2  
  81  6:07  Muscular Augments  
  81  6:12  Drone  
  81  6:14  Overlord x3  
  82  6:30  Roach x6  
  94  6:38  Roach x3  
  100  6:41  Queen  
  98  6:47  Roach x2  
  98  6:48  Roach x7  
  98  6:49  Roach x2  
  118  6:59  Evolution Chamber  
  118  7:00  Evolution Chamber  
  116  7:17  Burrow  
  116  7:20  Hatchery  
  115  7:28  Hatchery  
  114  7:37  Infestation Pit, Zerg Missile Weapons Level 1  
  114  7:38  Zerg Ground Armor Level 1  
  114  7:42  Tunneling Claws  
  113  7:57  Roach x5  
  113  7:58  Overlord, Roach x5  
  133  7:59  Overlord x5  
  133  8:19  Hydralisk x8  
  149  8:29  Hive  
  149  8:47  Hatchery  
  148  8:51  Queen  
  148  8:52  Queen  
  148  8:54  Drone x3  
  148  8:55  Drone x3  
  158  9:27  Hydralisk  
  158  9:28  Hydralisk x7  
  174  9:40  Extractor  
  174  9:41  Extractor  
  174  9:43  Drone x2  
  174  9:44  Extractor, Drone x2  
  175  9:49  Extractor  
  174  10:11  Queen  
  174  10:13  Drone x4  
  178  10:15  Zerg Ground Armor Level 2, Zerg Missile Weapons Level 2  
  178  10:47  Hydralisk  
  178  10:48  Hydralisk x10  
  200  11:09  Hydralisk  
  198  11:29  Hydralisk x14  
  198  11:32  Hydralisk x4  
  196  11:33  Hydralisk x8  
  196  11:34  Roach x29, Hydralisk x6  
  196  11:38  Roach x29  
  196  11:39  Hydralisk x4  
  198  11:40  Hydralisk x23  
  198  11:47  Roach x29  
  198  12:24  Hydralisk  
  188  12:39  Hydralisk  
  188  12:40  Hydralisk x5  
  200  13:26  Hydralisk  
  198  13:27  Hydralisk  
  198  13:33  Hydralisk  
  198  13:34  Hydralisk x5  
  190  13:35  Hydralisk  
  194  13:42  Hydralisk x4  
  200  14:02  Hydralisk  
Show
View Real Time Build Order
Export as new Build Order

GennaroBullo Terran - Winner!

Build Orders:  

Get SALT Encoding   

  12  0:02  SCV  
  13  0:14  SCV  
  14  0:22  Supply Depot  
  14  0:26  SCV  
  15  0:44  SCV  
  15  0:48  Barracks  
  16  0:53  Refinery  
  16  0:56  SCV  
  17  1:08  SCV  
  18  1:12  Supply Depot  
  18  1:20  SCV  
  19  1:32  SCV  
  20  1:40  Reaper  
  21  2:08  Barracks  
  21  2:11  Command Center  
  22  2:22  SCV  
  22  2:27  Barracks Tech Lab  
  22  2:35  Engineering Bay  
  22  2:50  SCV  
  23  3:02  SCV  
  24  3:12  Refinery, Barracks Reactor  
  24  3:14  Terran Infantry Weapons Level 1, SCV  
  25  3:25  SCV  
  25  3:26  SCV  
  27  3:33  Refinery  
  27  3:37  SCV  
  27  3:38  SCV  
  29  3:49  SCV  
  30  4:01  SCV  
  30  4:02  Supply Depot  
  31  4:10  Orbital Command  
  31  4:13  SCV  
  32  4:22  Marine x3  
  35  4:30  Command Center  
  35  4:40  Marine x2  
  37  5:00  Refinery  
  37  5:05  Factory  
  37  5:11  Barracks  
  37  5:12  Terran Infantry Armor Level 1  
  37  5:16  Marauder  
  37  5:17  Marine x2  
  41  5:24  Supply Depot  
  41  5:32  SCV  
  41  5:33  SCV  
  41  5:35  Marine x2  
  44  5:37  Marauder  
  47  5:45  SCV  
  47  5:47  Supply Depot  
  47  5:48  SCV x2  
  50  5:57  SCV  
  51  5:59  Marauder  
  51  6:00  SCV  
  51  6:01  SCV  
  55  6:11  Supply Depot  
  55  6:16  Starport  
  55  6:20  Marauder  
  57  6:34  Barracks Reactor  
  57  6:38  Armory  
  57  6:41  Marauder  
  57  6:45  Marine x2  
  61  6:48  Starport  
  61  6:54  Starport  
  61  7:02  Marine  
  61  7:03  Marine x2  
  64  7:09  Hellion  
  66  7:20  Marine x2, Starport Reactor  
  66  7:21  Marine  
  69  7:25  SCV  
  69  7:26  SCV x2  
  72  7:30  Hellion  
  72  7:32  Supply Depot  
  74  7:38  Marine x2, SCV x3  
  74  7:39  Marine  
  80  7:50  SCV  
  81  7:52  Hellion  
  81  7:56  Marine  
  84  8:07  Command Center  
  84  8:13  Marine, Hellion  
  87  8:21  Supply Depot  
  87  8:22  Starport Tech Lab  
  87  8:26  Marine x2  
  89  8:31  Marine, Medivac x3  
  96  8:35  Hellion  
  96  8:37  Terran Vehicle And Ship Armor Level 1  
  98  8:44  Marine  
  98  8:45  Supply Depot, Armory  
  99  8:50  Terran Infantry Weapons Level 2  
  99  8:53  Engineering Bay  
  99  8:56  Hellbat  
  99  8:58  SCV  
  99  8:59  SCV  
  99  9:01  Medivac  
  105  9:02  Orbital Command  
  105  9:08  Supply Depot  
  105  9:11  SCV x2  
  107  9:17  Hellbat  
  107  9:18  Viking x3  
  115  9:32  Supply Depot, SCV  
  115  9:33  SCV  
  115  9:34  SCV  
  115  9:36  SCV  
  119  9:39  Hellbat  
  119  9:44  SCV  
  122  9:45  SCV  
  122  9:46  SCV  
  122  9:48  SCV  
  125  9:56  SCV  
  125  9:58  SCV  
  127  10:00  Hellbat, SCV  
  127  10:03  Marine x3  
  133  10:12  SCV  
  130  10:21  Marine x3, Hellbat  
  130  10:24  SCV x4  
  139  10:36  SCV x4  
  143  10:43  Hellbat  
  143  10:44  Terran Vehicle Weapons Level 1  
  143  10:45  Terran Vehicle And Ship Armor Level 2  
  143  10:48  SCV x3  
  148  10:56  Terran Infantry Armor Level 2  
  148  11:05  Supply Depot  
  148  11:13  Hellbat, SCV x4  
  154  11:25  SCV x4  
  158  11:26  Supply Depot  
  158  11:34  Hellbat  
  160  11:46  Viking x3  
  160  11:47  Medivac  
  168  11:49  Supply Depot  
  168  11:53  Marine x3  
  171  11:56  Hellbat  
  173  12:11  Marine x3  
  173  12:12  Supply Depot  
  176  12:16  Medivac x3  
  176  12:17  Viking  
  176  12:18  Hellbat  
  178  12:28  Marine  
  178  12:29  Marine x2  
  175  12:34  Supply Depot  
  173  12:38  Stimpack  
  173  12:39  Hellbat  
  175  12:46  Marine x2, Medivac x3  
  175  12:47  Medivac  
  175  12:50  Marine  
  186  13:01  Hellbat  
  186  13:04  Marine  
  187  13:16  Medivac, Viking x3  
  193  13:22  Hellbat  
  195  13:43  Hellbat  
  195  13:46  Medivac  
  199  13:51  Barracks  
  199  13:55  Barracks  
Show
View Real Time Build Order
Export as new Build Order

I.A. 3 (Media) Terran 

Build Orders:  

Get SALT Encoding   

  12  0:01  SCV  
  13  0:13  SCV  
  14  0:20  Supply Depot  
  14  0:25  SCV  
  15  0:42  SCV  
  16  0:44  Barracks  
  16  0:51  Refinery  
  16  0:54  SCV  
  17  1:06  SCV  
  18  1:21  Supply Depot  
  18  1:32  Marine, Orbital Command  
  19  1:37  Barracks  
  19  1:46  Refinery  
  19  1:51  Barracks Tech Lab  
  19  2:09  Marine, Factory  
  20  2:26  Marine  
  20  2:29  Supply Depot  
  21  2:37  Marine  
  22  2:51  Marine  
  23  3:05  Supply Depot  
  23  3:06  Marine  
  24  3:15  SCV  
  25  3:20  Marine  
  26  3:27  SCV  
  26  3:28  Engineering Bay  
  27  3:38  Marauder  
  27  3:40  SCV  
  30  3:49  Hellion  
  30  3:52  SCV  
  33  3:58  Supply Depot  
  33  4:03  Marine  
  33  4:04  SCV  
  35  4:16  SCV  
  36  4:21  Marauder  
  37  4:28  SCV  
  38  4:32  Hellion  
  40  4:54  Hellion  
  41  5:15  SCV  
  41  5:22  Marine  
  41  5:27  SCV  
  29  5:36  Marine  
  28  5:44  Marauder  
  29  5:57  Marine  
  28  6:12  Marauder  
  30  6:26  Marine  
  31  6:41  Hellion  
  33  6:54  Marine  
  33  6:58  Barracks Tech Lab  
  34  7:04  Factory Tech Lab, Factory  
  34  7:07  Supply Depot  
  34  7:09  Missile Turret  
  34  7:12  Marine, Missile Turret, Command Center  
  35  7:16  Sensor Tower  
  35  7:19  Marine, Armory  
  36  7:32  Starport, Siege Tank  
  39  7:40  Bunker  
  39  7:44  Marine, Barracks  
  39  7:48  Factory Tech Lab  
  40  7:56  Marine  
  41  8:09  Hellion  
  41  8:10  Starport Tech Lab  
  42  8:21  Siege Tank  
  42  8:24  SCV  
  46  8:27  SCV  
  46  8:29  Raven  
  46  8:33  Cyclone  
  53  8:36  SCV  
  53  8:39  SCV  
  55  8:41  Missile Turret  
  55  8:47  Barracks Reactor, Missile Turret  
  55  8:48  SCV  
  55  8:51  SCV  
  57  9:01  SCV  
  58  9:03  SCV  
  58  9:09  Bunker  
  59  9:12  Raven  
  59  9:13  SCV  
  59  9:16  SCV  
  62  9:25  SCV  
  62  9:28  SCV  
  62  9:31  Bunker  
  59  9:37  SCV  
  54  9:40  SCV  
  55  9:49  SCV  
  55  9:52  SCV  
  51  10:01  SCV  
  51  10:04  SCV  
  53  10:08  Missile Turret  
  53  10:12  Missile Turret  
  53  10:13  SCV  
  54  10:16  SCV  
  55  10:25  SCV  
  57  10:28  SCV  
  56  10:37  SCV  
  56  10:40  SCV  
  58  10:49  SCV  
  59  10:52  SCV  
  60  11:02  SCV  
  61  11:04  SCV  
  62  11:14  Raven, SCV  
  62  11:17  SCV  
  64  11:26  SCV  
  64  11:31  Hellion  
  67  11:36  Supply Depot  
  67  11:38  Hellion  
  69  11:43  Reaper, Combat Shields  
  69  11:45  Refinery  
  70  11:47  Starport  
  70  11:51  Marauder  
  72  11:57  Medivac  
  72  11:58  Marine  
  75  12:01  Ghost Academy  
  75  12:03  Marine, Supply Depot  
  76  12:09  Fusion Core  
  76  12:10  SCV  
  76  12:12  Reaper  
  78  12:20  Marine  
  78  12:22  Engineering Bay  
  77  12:24  Starport Tech Lab  
  77  12:25  Marine  
  77  12:27  Medivac  
  77  12:28  Supply Depot  
  80  12:30  Ghost  
  80  12:34  SCV  
  82  12:42  Raven, Armory  
  84  12:44  Marauder  
  84  12:47  Terran Infantry Armor Level 1  
  84  12:57  Viking, SCV  
  83  13:02  SCV  
  82  13:09  SCV  
  82  13:11  Marine  
  80  13:18  Supply Depot  
  75  13:21  Supply Depot  
  70  13:28  Supply Depot  
  50  13:35  Marine  
  50  13:36  Viking  
  50  13:40  Marine  
  34  13:42  SCV  
  30  14:11  Viking  
  30  14:14  Barracks  
  32  14:21  SCV  
  29  14:33  SCV  
  29  14:35  Missile Turret  
  29  14:37  Supply Depot  
Show
View Real Time Build Order
Export as new Build Order

I.A. 4 (Media) Protoss 

Build Orders:  

Get SALT Encoding   

  12  0:01  Probe (Chrono Boost)  
  13  0:11  Probe (Chrono Boost)  
  14  0:20  Pylon  
  14  0:22  Probe (Chrono Boost)  
  15  0:38  Probe (Chrono Boost)  
  16  0:47  Assimilator  
  16  0:49  Probe (Chrono Boost), Gateway  
  17  0:59  Probe (Chrono Boost)  
  17  1:00  Pylon  
  18  1:28  Gateway  
  18  1:34  Assimilator  
  18  1:41  Cybernetics Core  
  18  1:43  Zealot  
  20  2:04  Pylon  
  20  2:07  Zealot  
  20  2:13  Warp Gate  
  22  2:20  Adept  
  24  2:34  Adept  
  26  2:39  Probe (Chrono Boost)  
  26  2:45  Adept  
  28  3:00  Adept  
  28  3:02  Pylon  
  31  3:07  Probe (Chrono Boost)  
  31  3:11  Stalker  
  33  3:19  Probe (Chrono Boost)  
  34  3:25  Adept  
  36  3:28  Forge  
  36  3:31  Probe (Chrono Boost)  
  37  3:42  Probe (Chrono Boost)  
  38  3:53  Probe (Chrono Boost)  
  39  4:05  Probe (Chrono Boost)  
  40  4:39  Probe (Chrono Boost)  
  36  4:49  Probe (Chrono Boost)  
  35  5:00  Probe (Chrono Boost)  
  35  5:11  Probe (Chrono Boost)  
  36  5:14  Stalker  
  36  5:18  Photon Cannon  
  38  5:21  Photon Cannon  
  38  5:22  Probe (Chrono Boost)  
  38  5:27  Sentry  
  41  5:28  Pylon  
  41  5:39  Stalker  
  43  5:48  Robotics Facility, Probe (Chrono Boost)  
  44  5:51  Stalker, Pylon  
  46  5:59  Probe (Chrono Boost)  
  46  6:03  Sentry  
  49  6:16  Sentry  
  51  6:19  Nexus  
  51  6:26  Probe (Chrono Boost)  
  52  6:36  Observer  
  52  6:38  Probe (Chrono Boost)  
  52  6:40  Zealot  
  48  6:50  Probe (Chrono Boost)  
  48  6:53  Zealot  
  45  6:56  Observer  
  44  7:05  Adept  
  46  7:17  Stalker  
  46  7:19  Stargate  
  48  7:27  Twilight Council  
  48  7:29  Adept  
  50  7:33  Probe (Chrono Boost)  
  50  7:35  Probe (Chrono Boost)  
  53  7:44  Probe (Chrono Boost)  
  53  7:48  Probe (Chrono Boost)  
  54  7:53  Pylon  
  54  7:55  Probe (Chrono Boost)  
  55  7:59  Probe (Chrono Boost)  
  55  8:05  Probe (Chrono Boost), Pylon  
  57  8:10  Probe (Chrono Boost)  
  58  8:16  Probe (Chrono Boost)  
  58  8:18  Gateway  
  59  8:20  Probe (Chrono Boost)  
  59  8:26  Probe (Chrono Boost)  
  61  8:27  Photon Cannon  
  61  8:31  Probe (Chrono Boost)  
  62  8:37  Probe (Chrono Boost)  
  62  8:38  Photon Cannon  
  64  8:41  Probe (Chrono Boost)  
  64  8:47  Forge  
  64  8:48  Probe (Chrono Boost)  
  65  8:52  Probe (Chrono Boost)  
  66  8:58  Probe (Chrono Boost)  
  67  9:32  Warp Prism  
  67  9:34  Adept, Assimilator  
  71  9:40  Gateway  
  71  9:42  Robotics Facility  
  71  9:44  Adept  
  73  9:54  Adept  
  73  9:55  Protoss Ground Weapons Level 1  
  73  9:56  Pylon  
  75  10:00  Protoss Ground Armor Level 1  
  75  10:02  Void Ray  
  75  10:06  Observer  
  80  10:20  Assimilator  
  80  10:24  Warp Prism, Stargate  
  80  10:27  Immortal  
  85  10:44  Phoenix  
  85  10:48  Stalker  
  89  10:51  Pylon  
  89  10:55  Zealot  
  91  11:02  Stalker  
  93  11:09  Dark Shrine  
  93  11:10  Zealot  
  87  11:12  Templar Archives  
  87  11:17  Robotics Bay  
  87  11:21  Adept  
  88  11:31  Adept  
  90  11:37  Void Ray  
  90  11:42  Fleet Beacon  
  94  11:59  Gravitic Drive  
  94  12:09  Void Ray  
  98  12:19  Pylon, Void Ray  
  90  12:29  Zealot  
  60  12:37  Zealot  
  53  12:44  Stalker  
  55  12:53  Observer Gravitic Boosters  
  55  12:58  Stalker  
  57  13:06  Zealot  
  58  13:14  Zealot  
  58  13:19  Immortal  
  50  13:28  Stalker  
  43  13:43  Zealot  
  41  13:50  Stalker  
  41  13:54  Adept  
  37  14:03  Stalker  
  27  14:12  Adept  
  23  14:19  Zealot  
  6  14:38  Pylon  
Show
View Real Time Build Order
Export as new Build Order

I.A. 5 (Media) Protoss 

Build Orders:  

Get SALT Encoding   

  12  0:01  Probe (Chrono Boost)  
  13  0:11  Probe (Chrono Boost)  
  14  0:21  Pylon  
  14  0:22  Probe (Chrono Boost)  
  15  0:39  Probe (Chrono Boost)  
  16  0:47  Assimilator  
  17  0:50  Probe (Chrono Boost), Gateway  
  17  1:00  Probe (Chrono Boost)  
  17  1:02  Pylon  
  18  1:29  Gateway  
  18  1:32  Assimilator  
  18  1:35  Zealot  
  20  1:42  Cybernetics Core  
  20  2:00  Zealot  
  22  2:12  Warp Gate  
  22  2:13  Pylon  
  22  2:15  Zealot  
  24  2:27  Adept  
  27  2:30  Probe (Chrono Boost)  
  27  2:42  Stalker, Probe (Chrono Boost)  
  30  2:51  Pylon  
  30  2:53  Probe (Chrono Boost), Stalker  
  33  3:04  Probe (Chrono Boost)  
  34  3:05  Forge  
  34  3:15  Probe (Chrono Boost)  
  36  3:27  Probe (Chrono Boost)  
  36  4:15  Probe (Chrono Boost)  
  36  4:56  Probe (Chrono Boost)  
  34  5:05  Sentry  
  35  5:08  Probe (Chrono Boost)  
  35  5:10  Robotics Facility  
  35  5:14  Photon Cannon  
  35  5:19  Stalker, Probe (Chrono Boost)  
  35  5:20  Nexus, Pylon  
  38  5:24  Stargate  
  38  5:26  Twilight Council  
  38  5:30  Probe (Chrono Boost)  
  38  5:32  Stalker  
  41  5:42  Probe (Chrono Boost)  
  42  5:46  Stalker, Pylon  
  44  5:54  Probe (Chrono Boost)  
  45  5:59  Observer  
  45  6:00  Sentry  
  48  6:05  Photon Cannon  
  48  6:06  Probe (Chrono Boost)  
  49  6:12  Gateway  
  49  6:14  Adept  
  51  6:19  Observer  
  52  6:26  Forge  
  52  6:34  Probe (Chrono Boost)  
  52  6:37  Probe (Chrono Boost)  
  54  6:45  Probe (Chrono Boost), Pylon  
  45  6:48  Pylon  
  45  6:52  Zealot  
  45  6:55  Probe (Chrono Boost)  
  45  6:57  Probe (Chrono Boost)  
  47  7:05  Zealot  
  47  7:06  Probe (Chrono Boost)  
  51  7:09  Probe (Chrono Boost)  
  51  7:17  Probe (Chrono Boost)  
  51  7:19  Stalker  
  51  7:20  Probe (Chrono Boost)  
  55  7:28  Probe (Chrono Boost)  
  56  7:31  Probe (Chrono Boost)  
  56  7:32  Stalker  
  59  7:39  Probe (Chrono Boost)  
  59  7:40  Photon Cannon  
  59  7:42  Probe (Chrono Boost)  
  61  7:46  Adept  
  61  7:50  Probe (Chrono Boost), Photon Cannon  
  64  7:53  Probe (Chrono Boost)  
  65  8:01  Probe (Chrono Boost)  
  65  8:04  Probe (Chrono Boost)  
  67  8:12  Probe (Chrono Boost)  
  68  8:14  Probe (Chrono Boost)  
  69  8:34  Assimilator  
  69  8:39  Assimilator  
  69  9:02  Probe (Chrono Boost)  
  70  9:34  Protoss Ground Weapons Level 1  
  70  9:41  Protoss Ground Armor Level 1, Void Ray  
  70  9:42  Warp Prism  
  76  9:47  Gateway  
  76  9:51  Zealot, Robotics Facility  
  78  9:54  Pylon  
  78  9:58  Dark Shrine  
  78  10:00  Stargate  
  78  10:02  Templar Archives  
  78  10:05  Robotics Bay  
  78  10:06  Zealot  
  76  10:09  Nexus, Fleet Beacon  
  58  10:14  Stalker  
  58  10:19  Observer  
  61  10:23  Zealot  
  63  10:32  Stalker  
  65  10:38  Warp Prism  
  65  10:41  Stalker  
  67  10:49  Sentry  
  69  10:58  Adept  
  58  11:04  Immortal  
  58  11:11  Warp Prism  
  51  11:12  Zealot  
  38  11:20  Zealot  
  38  11:23  Void Ray  
  35  11:36  Zealot  
  37  11:40  Immortal  
  37  11:46  Pylon  
  41  11:51  Stalker  
  43  12:00  Sentry  
  43  12:09  Assimilator, Stalker  
  44  12:17  Stalker  
  44  12:18  Probe (Chrono Boost)  
  39  12:26  Adept  
  39  12:29  Assimilator  
  38  12:34  Stalker  
  28  12:41  Stalker  
  21  12:48  Zealot  
  21  12:56  Stalker  
  21  13:04  Stalker  
  23  13:13  Pylon  
  21  13:26  Stalker  
  8  14:04  Probe (Chrono Boost)  
  7  14:15  Probe (Chrono Boost)  
  7  14:25  Probe (Chrono Boost)  
Tags
 
Add a new tag
Caveats
  • Supply blocks, unpowered buildings, or Contaminate may cause inaccurate times.
  • Supply counts are checked every 10 seconds.